 Dungeon Crawl Stone Soup version 0.26.1-11-gd32895ea62 (webtiles) character file.

Game seed: 18333872094914927557

117 Zeld the Twirler (level 5, 0/34 HPs)
             Began as an Octopode Gladiator on May 22, 2021.
             Slain by an orc
             ... wielding the +10 trident "Duzymox" {vorpal, rC+ Will- Str+4}
              (11 damage)
             ... on level 4 of the Dungeon.
             The game lasted 00:02:14 (3844 turns).

Zeld the Twirler (Octopode Gladiator)               Turns: 3844, Time: 00:02:14

Health: 0/34       AC:  1    Str: 14    XL:     5   Next: 1%
Magic:  5/5        EV: 14    Int: 10    God:
Gold:   214        SH:  0    Dex: 14    Spells: 4/4 levels left

rFire    . . .     SeeInvis .   a - +0 quarterstaff
rCold    . . .     Faith    .   (shield currently unavailable)
rNeg     . . .     Spirit   .   b - +0 hat
rPois    .         Reflect  .   (no amulet)
rElec    .         Harm     .   (no ring)
rCorr    .         Rampage  .   (no ring)
Will     .....                  (no ring)
Stlth    ++........             (no ring)
HPRegen  0.11/turn              (no ring)
MPRegen  0.09/turn              (no ring)
                                (no ring)
                                (no ring)

@: no status effects
A: almost no armour, stealthy swim, amphibious, 8 rings, constrict 8, camouflage
1, gelatinous body 1
a: no special abilities


You were on level 4 of the Dungeon.
You visited 1 branch of the dungeon, and saw 4 of its levels.

You collected 214 gold pieces.

Inventory:

Hand Weapons
 a - a +0 quarterstaff (weapon)
Missiles
 c - 3 throwing nets (quivered)
 r - 2 boomerangs
Armour
 b - a +0 hat (worn)
Jewellery
 l - an uncursed ring of wizardry {unknown}
 m - an uncursed ring of see invisible {unknown}
Scrolls
 e - 4 scrolls of identify {unknown}
 g - a scroll of magic mapping {unknown}
 h - 4 scrolls of remove curse {unknown}
 i - a scroll of fog {unknown}
 j - 2 scrolls of teleportation {unknown}
 n - 2 scrolls of noise {unknown}
 p - a scroll of fear {unknown}
 s - a scroll of enchant armour {unknown}
Potions
 d - 3 potions of invisibility {unknown}
 f - a potion of brilliance {unknown}
 k - 2 potions of ambrosia {unknown}
 o - 2 potions of lignification {unknown}
 q - a potion of heal wounds {unknown}
 t - a potion of haste {unknown}


   Skills:
 - Level 2.0 Fighting
 * Level 5.5 Staves
 - Level 2.0 Throwing
 - Level 3.0 Dodging


You had 4 spell levels left.
You didn't know any spells.
Your spell library was empty.

Dungeon Overview and Level Annotations

Branches:
Dungeon (4/15)
 Temple: D:4-7

Altars:
Fedhas
Ru

Annotations:
D:4 Pikel


Innate Abilities, Weirdness & Mutations

You cannot wear most types of armour.
You are very stealthy in the water. (Stealth+)
You are amphibious.
You can wear up to eight rings at the same time.
You can use your tentacles to constrict eight enemies at once.
Your skin changes colour to match your surroundings (Stealth+).
Your rubbery body absorbs attacks. (AC +1, EV +1)


Message History

An orc is nearby!
An orc is nearby!
An orc priest comes into view. It is wielding a +0 flail.
The orc priest moves out of view.
An orc comes into view. It is wielding a +0 mace.
The orc priest shouts!
The orc shouts!
The orc misses you.
The orc priest hits you but does no damage.
The orc hits you from afar with the +10 trident "Duzymox" {vorpal, rC+ Will- Str+4}.
The orc hits you from afar with the +10 trident "Duzymox" {vorpal, rC+ Will- Str+4}!
* * * LOW HITPOINT WARNING * * *
You closely miss the orc priest. You grab the orc priest.
You constrict the orc priest, but do no damage.
The orc closely misses you.
The orc priest casts a cantrip, but nothing happens.
You thump the orc priest!
The orc priest is severely wounded.
You constrict the orc priest.
The orc hits you from afar with the +10 trident "Duzymox" {vorpal, rC+ Will- Str+4}!
You die...

#.###........)....5..# ##..# #.#
#.#.......###########..#
#####.###.#....................#
..........#.....#.###########..#
#########.#.....#.# ########..#
#>#.....#.. ..........# ###
#.......#### ########.## ..#
####..####### #.#
#.##########.ooo@...#########.#
#.............#####...........#
############### #############


You could see an orc priest and 2 orcs.

Vanquished Creatures
  3 lemures (D:4)
  A worker ant (D:4)
  2 adders
  An ooze (D:4)
  2 worms (D:3)
  2 dart slugs
  2 leopard geckos (D:3)
  2 orcs (D:3)
  4 bats
  5 giant cockroaches
  10 goblins
  7 hobgoblins
  5 kobolds
  8 frilled lizards
  7 rats
61 creatures vanquished.

Notes
Turn   | Place    | Note
-------+----------+-------------------------------------------
     0 | D:1      | Zeld the Octopode Gladiator began the quest for the Orb.
     0 | D:1      | Reached XP level 1. HP: 14/14 MP: 1/1
   170 | D:1      | Reached XP level 2. HP: 19/19 MP: 2/2
   377 | D:1      | Reached skill level 4 in Staves
   530 | D:1      | Reached XP level 3. HP: 24/24 MP: 3/3
  1714 | D:3      | Reached XP level 4. HP: 29/29 MP: 4/4
  1874 | D:3      | Reached skill level 5 in Staves
  2205 | D:3      | Found a sacrificial altar of Ru.
  2205 | D:3      | Found a blossoming altar of Fedhas.
  2835 | D:4      | Noticed a lemure
  2835 | D:4      | Noticed a lemure
  2837 | D:4      | Noticed a lemure
  2838 | D:4      | Noticed Pikel
  2838 | D:4      | Noticed a lemure
  2875 | D:4      | Killed a lemure
  2879 | D:4      | Killed a lemure
  3241 | D:4      | Killed a lemure
  3608 | D:4      | Reached XP level 5. HP: 15/34 MP: 5/5
  3835 | D:4      | Identified the +10 trident "Duzymox" {vorpal, rC+ Will-
                  | Str+4}
  3844 | D:4      | Slain by an orc

Illustrated notes

Levels and vault maps discovered:
D:1:      dpeg_arrival_renting, layout_rooms, minmay_misc_feat_nine_boxes,
          st_stairs_2, minmay_circled_x
D:2:      layout_loops_ring
D:3:      layout_basic, gammafunk_temple_overflow_elements
D:4:      layout_loops_ring, uniq_pikel

Skill      XL: |  1  2  3  4 |
---------------+-------------+-----
Staves         | 4 5 |  5.5
Fighting       | |  2.0
Throwing       | |  2.0
Dodging        | |  3.0

Action                   |  1- 3 |  4- 6 || total
-------------------------+-------+-------++-------
Melee: Quarterstaff      |    71 |    55 ||   126
       Tentacles         |    13 |    13 ||    26
       Constrict         |    13 |    13 ||    26
 Stab: Sleeping          |     9 |     2 ||    11
Armor: Skin              |     5 |     7 ||    12
Dodge: Dodged            |    38 |    25 ||    63
